[Event "ICC tourney 2569 (40 10)"]
[Site "Internet Chess Club"]
[Date "2021.05.16"]
[Round "5"]
[White "SLADE, THEODORE LUKE:MrNormalName"]
[Black "TRANDAFIR, STEFAN:trandaferrari"]
[Result "1-0"]
[ICCResult "Black resigns"]
[WhiteElo "2170"]
[BlackElo "1958"]
[Opening "Grünfeld: exchange, classical variation"]
[ECO "D87"]
[NIC "GI.05"]
[Time "20:02:30"]
[TimeControl "2400+10"]

1. d4 Nf6 2. c4 g6 3. Nc3 d5 4. cxd5 Nxd5 5. e4 Nxc3 6. bxc3 Bg7 7. Bc4 c5
8. Ne2 Nc6 9. Be3 O-O 10. O-O Bg4 11. f3 Bd7 12. Rb1 Qc7 13. Qd2 cxd4 14.
cxd4 Nxd4 15. Bxd4 Qxc4 16. Bxg7 Kxg7 17. Rxb7 Bb5 18. Qb2+ Kg8 19. Rxb5
Rfd8 20. Rc1 Qd3 21. Rb3 Qd6 22. Qa3 Qd2 23. Rb2 Qg5 24. f4 Qg4 25. Qxe7 Re8
26. Qg5 Qe6 27. Qd5 Qg4 28. Rc7 Rf8 29. Rxf7 Rxf7 30. Qxa8+ Kg7 31. Qd5 h5
32. Rb7 {Black resigns} 1-0

[Event "ICC tourney 2569 (40 10)"]
[Site "Internet Chess Club"]
[Date "2021.05.16"]
[Round "5"]
[White "LIANG, ETHAN Y:ELCCEthan488"]
[Black "REMPE, JONAS JAKOB RAZA:Drachekokosnuss"]
[Result "0-1"]
[ICCResult "White checkmated"]
[WhiteElo "1779"]
[BlackElo "2100"]
[Opening "King's Indian: fianchetto, classical main line"]
[ECO "E69"]
[NIC "KI.62"]
[Time "20:01:45"]
[TimeControl "2400+10"]

1. d4 Nf6 2. c4 g6 3. g3 Bg7 4. Bg2 O-O 5. Nc3 d6 6. Nf3 Nbd7 7. O-O e5 8.
h3 c6 9. e4 Qb6 10. Rb1 exd4 11. Qxd4 Qxd4 12. Nxd4 Nxe4 13. Nxe4 Bxd4 14.
Nxd6 Nc5 15. Nxc8 Raxc8 16. b4 Na4 17. Rb3 Rfe8 18. Rd1 Nc3 19. Rf1 Nxa2 20.
Bb2 Bxb2 21. Rxb2 Nc3 22. Ra1 a6 23. b5 axb5 24. cxb5 Nxb5 25. Rab1 Nc3 26.
Ra1 b5 27. Kh2 c5 28. Rc1 b4 29. Rxc3 bxc3 30. Rc2 Red8 31. Rxc3 Rd4 32. h4
Rb4 33. Bd5 Kg7 34. Kg2 Kf6 35. Rf3+ Ke5 36. Bxf7 c4 37. Rf4 c3 38. Rxb4 c2
39. Rc4 Rxc4 40. Bxc4 c1=Q 41. Be2 h6 42. Bf3 g5 43. hxg5 hxg5 44. Bg4 Qc6+
45. Bf3 Qf6 46. Bg4 Ke4 47. Be2 Kd4 48. Bg4 Kd3 49. Kf1 Kd2 50. Bh5 Qf5 51.
Be8 Qe4 52. Bh5 Qh1# {White checkmated} 0-1

[Event "ICC tourney 2569 (40 10)"]
[Site "Internet Chess Club"]
[Date "2021.05.16"]
[Round "5"]
[White "JIMENEZ GARCIA, EMMANUEL:emmanueljimenez"]
[Black "ZENG, ELBERT:investigator"]
[Result "1-0"]
[ICCResult "Black resigns"]
[WhiteElo "2447"]
[BlackElo "2123"]
[Opening "Réti: King's Indian attack"]
[ECO "A05"]
[NIC "QP.11"]
[Time "20:01:39"]
[TimeControl "2400+10"]

1. Nf3 Nf6 2. g3 g6 3. b3 Bg7 4. Bb2 O-O 5. Bg2 d6 6. d4 a5 7. O-O a4 8. c4
axb3 9. axb3 Rxa1 10. Bxa1 Nc6 11. d5 Nb4 12. Nd4 e5 13. dxe6 fxe6 14. Nc3
e5 15. Ndb5 Ne8 16. Qd2 c6 17. Ne4 cxb5 18. Qxb4 bxc4 19. bxc4 Qc7 20. Rd1
Be6 21. c5 d5 22. Ng5 Bc8 23. Bxd5+ Kh8 24. Nf3 Qe7 25. Bc3 Nc7 26. Bxb7
Bxb7 27. Qxb7 Qxc5 28. Qb2 Re8 29. Ng5 h6 30. Nf7+ Kh7 31. Rd7 Nb5 32. Bxe5
Bxe5 33. Nxe5+ Kg8 34. Qb3+ {Black resigns} 1-0

[Event "ICC tourney 2569 (40 10)"]
[Site "Internet Chess Club"]
[Date "2021.05.16"]
[Round "5"]
[White "BAGCHI, SOUNAK:Chesssaga"]
[Black "GAMBOA ALVARADO, OLGA LETICIA:Letigam"]
[Result "1/2-1/2"]
[ICCResult "Game drawn by mutual agreement"]
[WhiteElo "1999"]
[BlackElo "2100"]
[Opening "Pirc: Austrian attack"]
[ECO "B09"]
[NIC "PU.07"]
[Time "20:01:51"]
[TimeControl "2400+10"]

1. e4 d6 2. d4 Nf6 3. Nc3 g6 4. f4 c5 5. dxc5 Qa5 6. Bd3 Qxc5 7. Nf3 Bg7 8.
Qe2 O-O 9. Be3 Qa5 10. O-O Nc6 11. a3 a6 12. h3 b5 13. Qf2 Qc7 14. Kh1 Bb7
15. Rfe1 e6 16. Rad1 Nd7 17. Nd4 Nc5 18. Rf1 Nxd3 19. cxd3 Rfe8 20. Rc1 Rac8
21. Nxc6 Bxc6 22. d4 Qb7 23. e5 Red8 24. Rfd1 Rd7 25. Rd2 Rcd8 26. Rcd1 Bf8
27. d5 exd5 28. Nxd5 Bxd5 29. Rxd5 dxe5 30. Rxd7 Rxd7 31. Rxd7 Qxd7 32. fxe5
Qd5 33. Bd4 Bg7 34. Qe3 h5 35. Bc3 Kh7 36. Kh2 {Game drawn by mutual
agreement} 1/2-1/2

[Event "ICC tourney 2569 (40 10)"]
[Site "Internet Chess Club"]
[Date "2021.05.16"]
[Round "5"]
[White "VAKHIDOV, JAKHONGIR:TjkTiger"]
[Black "BELOUS, VLADIMIR:Openyagami"]
[Result "0-1"]
[ICCResult "White resigns"]
[WhiteElo "2602"]
[BlackElo "2602"]
[Opening "English: symmetrical variation"]
[ECO "A30"]
[NIC "EO.64"]
[Time "20:02:30"]
[TimeControl "2400+10"]

1. c4 c5 2. g3 g6 3. Bg2 Bg7 4. Nc3 d6 5. Nf3 Nc6 6. O-O Bf5 7. h3 e5 8. d3
Nge7 9. a3 O-O 10. Rb1 a5 11. Ne1 Be6 12. Be3 f5 13. Bg5 f4 14. Bxe7 Qxe7
15. Nd5 Qf7 16. e3 g5 17. b4 axb4 18. axb4 cxb4 19. Nxb4 e4 20. Bxe4 fxe3
21. f4 Nd4 22. Rb2 e2 23. Rxe2 Qh5 24. Rd2 Qxh3 25. Rh2 Qxg3+ 26. Kh1 h6 27.
Nd5 Bxd5 28. Bxd5+ Kh8 29. Qh5 Ra1 30. Rg2 Qe3 31. Rgg1 Ne2 32. Qh2 Nxg1 33.
Nc2 {White resigns} 0-1

[Event "ICC tourney 2569 (40 10)"]
[Site "Internet Chess Club"]
[Date "2021.05.16"]
[Round "5"]
[White "HERNANDEZ ALVAREZ, TANIA REGLA:reynaajedrez"]
[Black "DIAZ CHARPENTIER, KRISTEL MELISSA:kris0428"]
[Result "1/2-1/2"]
[ICCResult "Game drawn by mutual agreement"]
[WhiteElo "2200"]
[BlackElo "2100"]
[Opening "Sicilian: Tartakower variation"]
[ECO "B53"]
[NIC "SI.01"]
[Time "20:01:45"]
[TimeControl "2400+10"]

1. e4 c5 2. Nf3 d6 3. d4 cxd4 4. c3 Nf6 5. e5 dxe5 6. Nxe5 e6 7. Bb5+ Nbd7
8. Qxd4 Be7 9. O-O O-O 10. Bf4 Nxe5 11. Qxe5 Qd5 12. c4 Qxe5 13. Bxe5 Nd7
14. Bc7 a6 15. Ba4 Nc5 16. Bc2 Bd7 17. Nc3 Rac8 18. Be5 Bc6 19. Rad1 Rfd8
20. a3 Nd7 21. Bd4 b5 22. cxb5 Bxb5 23. Rfe1 Nf6 24. Bb3 Bc4 25. Bxc4 Rxc4
26. Be5 Kf8 27. h3 {Game drawn by mutual agreement} 1/2-1/2

[Event "ICC tourney 2569 (40 10)"]
[Site "Internet Chess Club"]
[Date "2021.05.16"]
[Round "5"]
[White "IVANOV, ALEXANDER:marble"]
[Black "GAW, CHLOE:HarleyQueen8"]
[Result "1-0"]
[ICCResult "Black checkmated"]
[WhiteElo "2494"]
[BlackElo "1928"]
[Opening "Sicilian: Velimirovic attack"]
[ECO "B89"]
[NIC "SI.26"]
[Time "20:01:34"]
[TimeControl "2400+10"]

1. e4 c5 2. Nf3 d6 3. d4 cxd4 4. Nxd4 Nf6 5. Nc3 Nc6 6. Bc4 e6 7. Be3 Be7 8.
Qe2 a6 9. Bb3 Bd7 10. O-O-O O-O 11. f4 b5 12. e5 Ne8 13. f5 d5 14. fxe6 fxe6
15. Nxd5 Nxe5 16. Nf4 Qc8 17. Nfxe6 Rf7 18. Ng5 Bxg5 19. Bxg5 Nc4 20. Rdf1
Ned6 21. Rxf7 Nxf7 22. Qe7 Qe8 23. Bh4 Qxe7 24. Bxe7 Re8 25. Re1 h6 26. Bh4
Rxe1+ 27. Bxe1 Ne3 28. g3 Kf8 29. Ne6+ Bxe6 30. Bxe6 Nf1 31. Bc8 Nxh2 32.
Bxa6 Nd6 33. Bb4 Ke7 34. Bxb5 Ke6 35. Bxd6 Kxd6 36. Be2 g5 37. Kd2 h5 38.
Ke3 Ke5 39. a4 g4 40. a5 Kd6 41. b4 Kc6 42. c4 Kb7 43. c5 Kc6 44. a6 Kc7 45.
b5 h4 46. gxh4 g3 47. h5 Kb8 48. b6 Ka8 49. h6 g2 50. Kf2 Kb8 51. Kxg2 Ng4
52. Bxg4 Ka8 53. h7 Kb8 54. h8=Q# {Black checkmated} 1-0

[Event "ICC tourney 2569 (40 10)"]
[Site "Internet Chess Club"]
[Date "2021.05.16"]
[Round "5"]
[White "CHAVES SANCHEZ, GABRIEL A:Gagri"]
[Black "Volkov, Sergey:Volkov"]
[Result "1/2-1/2"]
[ICCResult "Game drawn by repetition"]
[WhiteElo "2306"]
[BlackElo "2607"]
[Opening "French: MacCutcheon, Chigorin variation"]
[ECO "C12"]
[NIC "FR.05"]
[Time "20:01:37"]
[TimeControl "2400+10"]

1. e4 e6 2. d4 d5 3. Nc3 Nf6 4. Bg5 Bb4 5. e5 h6 6. exf6 hxg5 7. fxg7 Rg8 8.
h4 gxh4 9. Qh5 Qf6 10. Rxh4 Qxg7 11. Nf3 Nd7 12. g3 Nf6 13. Qh6 Qxh6 14.
Rxh6 Ne4 15. a3 Bxc3+ 16. bxc3 Nxc3 17. Bd3 Bd7 18. Kd2 Nb5 19. Bxb5 Bxb5
20. Rb1 a6 21. Ne5 b6 22. Rf6 Rg7 23. Rh1 Ke7 24. Rhh6 Rag8 25. g4 Be8 26.
f3 c5 27. c3 cxd4 28. cxd4 a5 29. Kc3 Ba4 30. Kd3 Rc8 31. f4 Bc2+ 32. Kd2
Be4 33. f5 exf5 34. Rxb6 Rc7 35. gxf5 Bxf5 36. Nc6+ Kd7 37. Ne5+ Ke7 38.
Nc6+ Kd7 39. Ne5+ Ke7 40. Nc6+ Kd7 41. Ne5+ Ke7 {Game drawn by repetition}
1/2-1/2

[Event "ICC tourney 2569 (40 10)"]
[Site "Internet Chess Club"]
[Date "2021.05.16"]
[Round "5"]
[White "HEBDEN, MARK L:mhebden"]
[Black "DURAN VEGA, SERGIO:SD19"]
[Result "1-0"]
[ICCResult "Black resigns"]
[WhiteElo "2503"]
[BlackElo "2464"]
[Opening "QGD: Capablanca-Duras variation"]
[ECO "D02"]
[NIC "QP.06"]
[Time "20:01:33"]
[TimeControl "2400+10"]

1. d4 Nf6 2. Nf3 d5 3. c4 e6 4. Bg5 h6 5. Bxf6 Qxf6 6. Nc3 Bb4 7. Qa4+ Nc6
8. e3 O-O 9. Rc1 dxc4 10. Bxc4 Bd6 11. O-O e5 12. Bb5 exd4 13. Ne4 Qe7 14.
Nxd6 cxd6 15. Nxd4 Nxd4 16. Qxd4 Be6 17. a3 a6 18. Be2 Rfc8 19. Bf3 Rc7 20.
Rfd1 Rd8 21. Qb6 Rxc1 22. Rxc1 d5 23. Qd4 Qd7 24. h4 Rc8 25. Rd1 Qb5 26. h5
Qb3 27. e4 dxe4 28. Bxe4 Rf8 29. Rc1 b5 30. Rc6 a5 31. Bc2 Qd5 32. Qxd5 Bxd5
33. Rc5 Bc4 34. b3 Be6 35. Rxb5 Rc8 36. Bf5 Bxf5 37. Rxf5 a4 38. bxa4 Rc1+
39. Kh2 Rc4 40. a5 Ra4 41. Kg3 g6 42. Rb5 Rxa3+ 43. f3 Kg7 44. Kg4 Ra4+ 45.
f4 Ra2 46. g3 Ra3 47. Kh4 Kf6 48. hxg6 fxg6 49. Rb6+ Kf5 50. g4+ Kxf4 51.
Rxg6 Rxa5 52. Rxh6 Ra8 53. Rf6+ Ke5 54. g5 Rh8+ 55. Kg4 Rh1 56. Rf2 Ke6 57.
g6 Ke7 58. Kg5 Rh3 59. g7 Rg3+ 60. Kh6 Rh3+ 61. Kg6 Rg3+ 62. Kh7 Rh3+ 63.
Kg8 Rh4 64. Re2+ Kf6 65. Kf8 {Black resigns} 1-0

[Event "ICC tourney 2569 (40 10)"]
[Site "Internet Chess Club"]
[Date "2021.05.16"]
[Round "5"]
[White "RAMIREZ GONZALEZ, MARIA JOSE:Merry20"]
[Black "KATSMAN, DAVID:davika21"]
[Result "0-1"]
[ICCResult "White resigns"]
[WhiteElo "2000"]
[BlackElo "1888"]
[Opening "Queen's gambit declined"]
[ECO "D30"]
[NIC "QP.08"]
[Time "20:01:40"]
[TimeControl "2400+10"]

1. d4 d5 2. c4 e6 3. Nf3 Nf6 4. e3 Be7 5. Nc3 O-O 6. cxd5 exd5 7. Bd3 c6 8.
O-O Nbd7 9. b3 Re8 10. Bb2 Nf8 11. e4 dxe4 12. Nxe4 Nxe4 13. Bxe4 Bf6 14.
Qc2 g6 15. Rad1 Be6 16. Ne5 Bd5 17. Rfe1 Ne6 18. a3 Nf4 19. b4 Bg7 20. a4 a6
21. Re3 Bxe4 22. Rxe4 Nd5 23. b5 axb5 24. axb5 cxb5 25. Rde1 Re6 26. Qb3 b4
27. Qh3 Qd6 28. Rh4 h5 29. Qf3 Rf6 30. Qb3 Re8 31. Rc1 Rf5 32. Qa4 Qe7 33.
Rh3 Nf4 34. Re3 Bxe5 35. dxe5 Rg5 36. g3 Rd8 37. Re4 Nd3 38. Rc2 Nxb2 39.
Rxb2 Rxe5 40. Rexb4 Re1+ 41. Kg2 Rdd1 42. Qa8+ Kh7 43. Qxb7 Rg1+ 44. Kh3
Qe6+ 45. Kh4 Qf6+ 46. Kh3 Qf5+ 47. Kh4 Kh6 48. Qe7 g5+ {White resigns} 0-1

[Event "ICC tourney 2569 (40 10)"]
[Site "Internet Chess Club"]
[Date "2021.05.16"]
[Round "5"]
[White "HU, ALEXANDER C:ahu1015"]
[Black "TIONG, RACHAEL:rachael1120"]
[Result "1-0"]
[ICCResult "Black resigns"]
[WhiteElo "2023"]
[BlackElo "1636"]
[Opening "Sicilian: accelerated fianchetto, modern variation with Bc4"]
[ECO "B35"]
[NIC "SI.33"]
[Time "20:01:45"]
[TimeControl "2400+10"]

1. e4 c5 2. Nf3 Nc6 3. d4 cxd4 4. Nxd4 g6 5. Nc3 Bg7 6. Be3 Nf6 7. Bc4 O-O
8. Bb3 d6 9. f3 Bd7 10. Qd2 Rc8 11. O-O-O Qa5 12. h4 h5 13. Kb1 Ne5 14. Nd5
Qd8 15. Bh6 Nxd5 16. Bxd5 Qb6 17. Bxg7 Kxg7 18. g4 Rh8 19. f4 Nxg4 20. f5
Nf6 21. fxg6 fxg6 22. Qg5 Nxd5 23. exd5 Rce8 24. Rhg1 Rh6 25. Rge1 Qd8 26.
Ne6+ Bxe6 27. Rxe6 Rh7 28. Rg1 Kh8 29. Rxg6 e5 30. dxe6 Qxg5 31. R1xg5 Rf8
32. Kc1 Re8 33. Kd2 Rf8 34. Kd3 Re8 35. Kd4 Rf8 36. Kd5 Rd8 37. Rf5 Rg7 38.
Rxh5+ Kg8 39. Rgh6 Kf8 40. Rh8+ Ke7 41. Rxd8 Kxd8 42. Kxd6 Rg8 43. Rh7 a6
44. Rxb7 Kc8 45. Ra7 Kb8 46. Rf7 Kc8 47. h5 Rd8+ 48. Rd7 Rh8 49. Rc7+ Kb8
50. e7 Rh6+ 51. Kd7 Rh7 52. Rc8+ Kb7 53. Rh8 Rxh8 54. e8=Q Rxe8 55. Kxe8 Kc7
56. h6 Kc6 57. h7 {Black resigns} 1-0

[Event "ICC tourney 2569 (40 10)"]
[Site "Internet Chess Club"]
[Date "2021.05.16"]
[Round "5"]
[White "Poliannikov, Danila:dopolian"]
[Black "PARK, EVAN:espark"]
[Result "1/2-1/2"]
[ICCResult "Game drawn by mutual agreement"]
[WhiteElo "2263"]
[BlackElo "2322"]
[Opening "Ruy Lopez: modern Steinitz defense, 5.O-O"]
[ECO "C72"]
[NIC "RL.10"]
[Time "20:01:36"]
[TimeControl "2400+10"]

1. e4 e5 2. Nf3 Nc6 3. Bb5 a6 4. Ba4 d6 5. O-O Bd7 6. c3 f5 7. exf5 Bxf5 8.
d4 e4 9. Nfd2 Nf6 10. f3 exf3 11. Qxf3 Bd7 12. Ne4 Be7 13. Nxf6+ Bxf6 14.
Re1+ Ne7 15. Bb3 Bc6 16. Qh5+ g6 17. Qh6 d5 18. Bg5 Qd6 19. Nd2 O-O-O 20.
Bxf6 Qxf6 21. Nf3 Rdf8 22. Re5 Nf5 23. Qg5 Qd6 24. Rae1 h6 25. Qg4 Rf6 26.
Nh4 Rhf8 27. Nxf5 gxf5 28. Qf3 Rd8 29. Rxf5 Rxf5 30. Qxf5+ Kb8 31. Re6 Qd7
32. Qe5 Rf8 33. Re7 Qd8 34. h3 a5 35. Bd1 Re8 36. Rxe8 Bxe8 37. Qh8 Qe7 38.
Kh2 Qe3 39. Qe5 Qxe5+ 40. dxe5 Kc8 41. Kg3 Kd8 42. Kf4 Ke7 43. Kf5 Bb5 44.
Kg6 Bf1 45. Bf3 Ke6 46. Kxh6 c5 47. Kg5 Kxe5 48. Kg4 d4 49. cxd4+ cxd4 50.
Bxb7 d3 51. Kg3 d2 52. Bf3 Bc4 53. Kf2 Kd4 54. b3 Bd3 55. Bd1 Kc3 56. Ke3
Bc2 57. Ke2 Bd3+ 58. Ke3 Bc2 {Game drawn by mutual agreement} 1/2-1/2

[Event "ICC tourney 2569 (40 10)"]
[Site "Internet Chess Club"]
[Date "2021.05.16"]
[Round "5"]
[White "CHENG, CLAIRE:Clairehouses"]
[Black "LEE, ALICE TERESA:binomialfactor"]
[Result "0-1"]
[ICCResult "White forfeits on time"]
[WhiteElo "1777"]
[BlackElo "2173"]
[Opening "QGD: Cambridge Springs defense, Bogolyubov variation"]
[ECO "D52"]
[NIC "QO.15"]
[Time "20:01:43"]
[TimeControl "2400+10"]

1. d4 d5 2. c4 c6 3. Nf3 Nf6 4. Nc3 e6 5. Bg5 Nbd7 6. e3 Qa5 7. Nd2 Bb4 8.
Qc2 dxc4 9. Bxf6 Nxf6 10. Nxc4 Qc7 11. Bd3 c5 12. O-O Bd7 13. Rac1 cxd4 14.
exd4 O-O 15. Rfd1 Bc6 16. Ne5 Rac8 17. Ne4 Qe7 18. Nxf6+ Qxf6 19. Bxh7+ Kh8
20. Bd3 Qg5 21. Nxc6 Rxc6 22. Qb1 Rd6 23. Be4 Rd7 24. Rd3 f5 25. Bf3 Rfd8
26. Rc4 Bd6 27. Qc2 Be5 28. Qa4 a6 29. Qd1 b5 30. Rb4 a5 31. Rxb5 Bxd4 32.
Kh1 Qf4 33. Qd2 Qh4 34. g3 Qh3 35. Bg2 Qh5 36. Rxa5 Kh7 37. Qc2 Bb6 38. Raa3
Bd4 39. b4 e5 40. b5 e4 41. Rd1 Bc5 42. Rxd7 Rxd7 43. g4 fxg4 44. Bxe4+ g6
45. Rd3 Re7 46. Rd5 Qh3 47. Bxg6+ Kg7 {White forfeits on time} 0-1

[Event "ICC tourney 2569 (40 10)"]
[Site "Internet Chess Club"]
[Date "2021.05.16"]
[Round "5"]
[White "SHEEHAN, ETHAN THOMAS:Chessking2008"]
[Black "HU, MERRIC:edmehu"]
[Result "0-1"]
[ICCResult "White resigns"]
[WhiteElo "2192"]
[BlackElo "2169"]
[Opening "King's Indian: orthodox, Aronin-Taimanov, bayonet attack"]
[ECO "E97"]
[NIC "KI.05"]
[Time "20:01:41"]
[TimeControl "2400+10"]

1. d4 Nf6 2. c4 g6 3. Nc3 Bg7 4. e4 d6 5. Nf3 O-O 6. Be2 e5 7. O-O Nc6 8. d5
Ne7 9. b4 Nh5 10. Re1 f5 11. c5 Nf6 12. Nd2 Bh6 13. Bf3 Bxd2 14. Bxd2 f4 15.
Rc1 Bd7 16. Qb3 Kh8 17. Na4 g5 18. g3 h5 19. b5 Be8 20. cxd6 cxd6 21. Nb2
Bg6 22. gxf4 gxf4 23. Kh1 Qd7 24. Bg2 Ng4 25. Re2 Rac8 26. Rxc8 Rxc8 27. f3
Nf6 28. Be1 Rc5 29. a4 Qc8 30. Nd3 Rc4 31. Qa3 Qd7 32. Bh4 Kg7 33. Re1 Neg8
34. Rg1 Kf7 35. Qb3 Qc8 36. Be1 Kg7 37. Bb4 Ne8 38. Qa3 Qc7 39. Rc1 Rxc1+
40. Qxc1 Qxc1+ 41. Nxc1 Kf6 42. Bh3 Ke7 43. Nb3 Kd8 44. Na5 Kc7 45. Nc4 Ngf6
46. Kg1 Nd7 47. Kf2 Ndf6 48. Be6 Nh7 49. a5 b6 50. axb6+ axb6 51. Ke2 Ng5
52. Bg8 h4 53. Be1 Bh5 54. Nd2 Nf6 55. Bxh4 Ngxe4 56. Nxe4 Nxe4 57. Be6 Nc3+
58. Kd3 Nxb5 59. Bg4 Bg6+ 60. Kc4 Nd4 61. Bf2 Nc2 62. Kc3 Ne3 63. Be6 Nd1+
64. Kd2 Nxf2 {White resigns} 0-1

[Event "ICC tourney 2569 (40 10)"]
[Site "Internet Chess Club"]
[Date "2021.05.16"]
[Round "5"]
[White "REMPE, MIEKE:MChessy"]
[Black "CHONG, JOSHUA ETHAN:Joshua1"]
[Result "1/2-1/2"]
[ICCResult "Game drawn by repetition"]
[WhiteElo "1900"]
[BlackElo "1846"]
[Opening "Sicilian: Kan, 5.Nc3"]
[ECO "B43"]
[NIC "SI.41"]
[Time "20:01:34"]
[TimeControl "2400+10"]

1. e4 c5 2. Nf3 e6 3. d4 cxd4 4. Nxd4 a6 5. Nc3 Qc7 6. a4 Nf6 7. Be2 Nc6 8.
O-O Bd6 9. h3 Nxd4 10. Qxd4 Be5 11. Qd3 b6 12. Nd1 Bb7 13. f3 Nh5 14. f4
Nxf4 15. Bxf4 Bxf4 16. Qf3 Bh2+ 17. Kh1 Rf8 18. Ra3 Be5 19. Rb3 f5 20. Qh5+
g6 21. Qxh7 O-O-O 22. Ne3 Rh8 23. Qe7 Bxe4 24. Bxa6+ Kb8 25. Nc4 Ka7 26. a5
Kxa6 27. Qb4 Qc5 28. Qxc5 bxc5 29. Nxe5 Rhf8 30. c3 Rb8 31. Rxb8 Rxb8 32.
Nxd7 Rxb2 33. Nxc5+ Kxa5 34. Nxe4 fxe4 35. Re1 Rb6 36. Rxe4 Rc6 37. Kh2 Kb5
38. h4 Kc5 39. Kg3 Kd5 40. Re3 e5 41. Kg4 e4 42. Kg5 Ke5 43. g3 Rd6 44. c4
Kd4 45. Re1 e3 46. Kf4 Rf6+ 47. Kg5 Rc6 48. Kf4 Rf6+ 49. Kg5 Rc6 50. Kf4
Rf6+ 51. Kg5 Rc6 {Game drawn by repetition} 1/2-1/2